 Dungeon Crawl Stone Soup version 0.29.1-12-g30fa7ad0bf (webtiles) character file.

Game seed: 11247667807739610524

347 cheesebisquit the Chopper (level 6, -22/56 HPs)
             Began as a Minotaur Berserker on Dec 12, 2022.
             Was a Believer of Trog.
             Annihilated by an ogre
             ... wielding a +0 giant spiked club
              (32 damage)
             ... on level 4 of the Dungeon.
             The game lasted 00:08:38 (2772 turns).

cheesebisquit the Chopper (Minotaur Berserker)      Turns: 2772, Time: 00:08:38

Health: -22/56     AC: 10    Str: 24    XL:     6   Next: 32%
Magic:  5/5        EV:  9    Int:  4    God:    Trog [**....]
Gold:   172        SH:  0    Dex:  9    Spells: 5/5 levels left

rFire   . . .      SeeInvis .   a - +0 hand axe
rCold   . . .      Faith    +   (no shield)
rNeg    . . .      Spirit   .   y - +0 chain mail
rPois   .          Reflect  .   (helmet restricted)
rElec   .          Harm     .   o - +0 cloak
rCorr   .          Rampage  .   (no gloves)
Will    ++...                   (no boots)
Stlth   ..........              t - amulet of faith
HPRegen 1.18/turn               (no ring)
MPRegen 0.09/turn               (no ring)

@: strong-willed, regenerating
A: horns 2, retaliatory headbutt
a: Renounce Religion, Berserk, Trog's Hand


You were on level 4 of the Dungeon.
You worshipped Trog.
Trog was pleased with you.
You visited 1 branch of the dungeon, and saw 4 of its levels.

You collected 172 gold pieces.

Inventory:

Hand Weapons
 a - a +0 hand axe (weapon)
Missiles
 e - 5 atropa-tipped darts (quivered)
 v - 9 stones
Armour
 b - a +0 animal skin
 i - a +0 leather armour
 l - a +0 ring mail
 n - a +0 scale mail
 o - a +0 cloak (worn)
 y - a +0 chain mail (worn)
Jewellery
 t - an amulet of faith (around neck)
Scrolls
 c - 2 scrolls of identify {unknown}
 f - 2 scrolls of amnesia {unknown}
 g - a scroll of summoning {unknown}
 m - a scroll of fog {unknown}
 p - a scroll of noise {unknown}
 q - 2 scrolls of enchant armour {unknown}
 r - a scroll of torment {unknown}
 s - 2 scrolls of poison {unknown}
 u - 2 scrolls of fear {unknown}
 B - a scroll of teleportation {unknown}
 C - a scroll of immolation {unknown}
Potions
 d - 2 potions of attraction {unknown}
 h - a potion of haste {unknown}
 j - 2 potions of flight {unknown}
 k - a potion of lignification {unknown}
 w - 2 potions of brilliance {unknown}
 x - 2 potions of curing {unknown}
 z - a potion of cancellation {unknown}
 A - a potion of heal wounds {unknown}


   Skills:
 - Level 5.0 Fighting
 + Level 6.1 Axes
 - Level 4.2 Armour
 - Level 3.7 Dodging


You had 5 spell levels left.
You didn't know any spells.
Your spell library was empty.

Dungeon Overview and Level Annotations

Branches:
Dungeon (4/15)
 Temple: D:4-7

Altars:
Makhleb
Okawaru
Qazlal
Zin


Innate Abilities, Weirdness & Mutations

You have a pair of horns on your head.
You reflexively headbutt those who attack you in melee.


Message History

You miss the adder.
The adder is almost dead.
The adder bites you but does no damage.
You barely miss the adder.
The adder is almost dead.
The adder barely misses you.
You hit the adder.
You kill the adder!
Trog accepts your kill.
x - 2 clear potions (gained 1)
You recover from your berserk rage.
C - a scroll labelled FUCKIPN WUKH
There is a stone staircase leading up here.
Found a stone staircase leading down.
An ogre comes into view. It is wielding a +0 giant spiked club.
The ogre shouts!
Found 6 gold pieces.
You see here 5 stones.
v - 9 stones (gained 5)
You barely miss the ogre.
The ogre hits you with a +0 giant spiked club!
You hit the ogre.
The ogre is lightly wounded.
You hit the ogre.
The ogre is lightly wounded.
The ogre hits you with a +0 giant spiked club!
Your skin crawls.
You feel strong-willed.
The ogre hits you with a +0 giant spiked club!!
* * * LOW HITPOINT WARNING * * *
You hit the ogre.
The ogre is lightly wounded.
Okay, then.
Okay, then.
The ogre attacks as you move away! The ogre completely misses you.
You furiously retaliate!
You headbutt the ogre! The ogre attacks as you move away!
The ogre hits you with a +0 giant spiked club!!
Ouch! That really hurt!
You die...

### #### ###..
..... ...# .....
.># ....$. #.#
......##.####
............# ###
.....##.###O# ..
...........@# .#
.######.##..## .##
#.#....# ..#
#.#....#######
#.#.######
#.#..........#
.......
..##.#.....####.#
##### #.<#.#.....#
#.# ....##
#..#...<...####.#
.....#
#...............##


You could see an ogre.

Vanquished Creatures
  An ogre (D:4)
  A phantom (D:4)
  A jelly (D:2)
  A hound (D:4)
  An orc wizard (D:3)
  3 adders
  A gnoll (D:1)
  2 worms (D:2)
  4 dart slugs
  4 orcs (D:3)
  4 ball pythons
  An endoplasm (D:2)
  3 giant cockroaches (D:2)
  3 goblins
  5 hobgoblins
  4 jackals (D:1)
  4 quokkas
  2 bats (D:2)
  2 frilled lizards (D:1)
  2 kobolds
  5 rats
54 creatures vanquished.

Notes
Turn   | Place    | Note
-------+----------+-------------------------------------------
     0 | D:1      | cheesebisquit the Minotaur Berserker began the quest for
                  | the Orb.
     0 | D:1      | Reached XP level 1. HP: 19/19 MP: 0/0
    22 | D:1      | Found a faded altar of an unknown god.
   386 | D:1      | Reached XP level 2. HP: 20/27 MP: 1/1
   569 | D:1      | Reached skill level 4 in Axes
  1166 | D:1      | Reached XP level 3. HP: 32/33 MP: 2/2
  1470 | D:2      | Reached XP level 4. HP: 30/41 MP: 3/3
  2125 | D:3      | Reached ** piety under Trog
  2183 | D:3      | Found a glowing silver altar of Zin.
  2258 | D:3      | Found a stormy altar of Qazlal.
  2261 | D:3      | Found a burning altar of Makhleb.
  2261 | D:3      | Found an iron altar of Okawaru.
  2275 | D:3      | Reached XP level 5. HP: 42/47 MP: 4/4
  2571 | D:4      | Noticed an ogre
  2575 | D:4      | Killed an ogre
  2576 | D:4      | Reached skill level 5 in Fighting
  2576 | D:4      | Reached skill level 5 in Axes
  2653 | D:4      | Noticed a phantom
  2662 | D:4      | Killed a phantom
  2663 | D:4      | Reached skill level 6 in Axes
  2663 | D:4      | Reached XP level 6. HP: 56/56 MP: 5/5
  2772 | D:4      | Annihilated by an ogre

Illustrated notes

Levels and vault maps discovered:
D:1:      lightli_arrival_lavapool, layout_basic,
          hellmonk_ecumenical_altar_crossroads
D:2:      layout_basic, chequers_garden, serial_bayou_pond_b
D:3:      layout_rooms, chequers_temple_overflow_statue_of_worship
D:4:      layout_basic, hangedman_feature_mirror

Skill      XL: |  1  2  3  4  5 |
---------------+----------------+-----
Fighting       | 4 5 |  5.0
Axes           | 4 6 |  6.1
Armour         | 3 4 |  4.2
Dodging        | 3 |  3.7

Action                   |  1- 3 |  4- 6 || total
-------------------------+-------+-------++-------
Melee: Hand axe          |    58 |    64 ||   122
       Headbutt          |     6 |    15 ||    21
Invok: Berserk           |     2 |     2 ||     4
       Trog's Hand       |       |     1 ||     1
 Stab: Sleeping          |     1 |       ||     1
Armor: Animal skin       |     3 |       ||     3
       Ring mail         |     6 |    13 ||    19
       Leather armour    |     1 |       ||     1
       Chain mail        |       |     9 ||     9
Dodge: Dodged            |    54 |    35 ||    89
